 Dungeon Crawl Stone Soup version 0.28-a0-194-g42b4daccc1 (webtiles) character file.

Game seed: 7873179963698991769

102 Nattfarinn the Grave Robber (level 4, -1/36 HPs)
             Began as a Deep Dwarf Necromancer on Aug 18, 2021.
             Killed by nerve-wracking pain
             ... invoked by Jessica
              (10 damage)
             ... on level 3 of the Dungeon.
             The game lasted 00:03:49 (2836 turns).

Nattfarinn the Grave Robber (DDNe)                  Turns: 2836, Time: 00:03:49

Health: -1/36      AC:  2    Str: 12    XL:     4   Next: 49%
Magic:  2/8        EV: 12    Int: 16    God:
Gold:   49         SH:  0    Dex: 13    Spells: 4/8 levels left

rFire   . . .      SeeInvis .   k - +1 dagger (venom)
rCold   . . .      Faith    .   (no shield)
rNeg    . . .      Spirit   .   a - +0 robe
rPois   .          Reflect  .   (no helmet)
rElec   .          Harm     .   (no cloak)
rCorr   .          Rampage  .   (no gloves)
Will    .....                   (no boots)
Stlth   ++........              (no amulet)
HPRegen 0.00/turn               (no ring)
MPRegen 0.11/turn               (no ring)

@: no status effects
A: damage resistance, heal wounds, sense surroundings 1, no regeneration
a: Heal Wounds


You were on level 3 of the Dungeon.
You visited 1 branch of the dungeon, and saw 3 of its levels.

You collected 49 gold pieces.

Inventory:

Hand Weapons
 k - a +1 dagger of venom (weapon)
Armour
 a - a +0 robe (worn)
Scrolls
 b - 2 scrolls of enchant weapon {unknown}
 c - 3 scrolls of summoning {unknown}
 d - a scroll of fear {unknown}
 g - a scroll of teleportation {unknown}
 h - a scroll of noise {unknown}
 j - a scroll of blinking {unknown}
 l - a scroll of torment {unknown}
Potions
 e - 2 potions of might {unknown}
 f - a potion of attraction {unknown}
 i - a potion of curing {unknown}


   Skills:
 - Level 2.1 Dodging
 - Level 2.4 Stealth
 + Level 2.6 Spellcasting
 * Level 6.0 Necromancy


You had 4 spell levels left.
You knew the following spells:

 Your Spells              Type           Power      Damage    Failure   Level
a - Pain                  Necr           84%        1d8       1%          1
b - Vampiric Draining     Necr           10%        2d7       4%          3

Your spell library contained the following spells:

 Spells                   Type           Power      Damage    Failure   Level
 Animate Skeleton         Necr           42%        N/A       1%          1
 Sublimation of Blood     Necr           10%        N/A       2%          2
 Animate Dead             Necr           10%        N/A       16%         4
 Summon Small Mammal      Summ           8%         N/A       21%         1
 Wereblood                Tmut           2%         N/A       30%         2
 Call Canine Familiar     Summ           2%         N/A       52%         3
 Summon Guardian Golem    Hex/Summ       2%         N/A       52%         3
 Agony                    Necr           21%        N/A       41%         5
 Summon Hydra             Summ           1%         N/A       100%        7


Dungeon Overview and Level Annotations

Branches:
Dungeon (3/15)

Altars:

Annotations:
D:3 Jessica, Sigmund


Innate Abilities, Weirdness & Mutations

You are resistant to damage.
You can heal yourself by infusing magical energy.
You passively map a small area around you.
You do not regenerate.


Message History

You draw life force from the worm!
You feel life coursing into your body. The adder closely misses you.
The worm bites you.
You draw life force from the worm.
You feel life coursing into your body. The adder barely misses you.
You don't have enough magic to cast this spell.
Jessica gestures wildly while chanting.
Jessica blinks!
The adder bites you but does no damage.
You barely miss the adder. The adder misses you.
Okay, then.
You hit the adder.
The adder is moderately wounded.
Jessica gestures at you while chanting. Pain shoots through your body!
The adder closely misses you.
You hit the adder but do no damage.
The adder is poisoned.
The adder is moderately wounded.
The adder bites you. Jessica casts a spell at you.
You struggle to resist.
You hit the adder.
The adder is almost dead.
The adder bites you but does no damage. The adder bites you.
You hit the adder but do no damage.
The adder looks as sick as possible!
The adder is almost dead.
You kill the adder!
Your Necromancy skill increases to level 6!
You hit the worm but do no damage.
The worm is poisoned.
The worm is heavily wounded.
You barely miss Jessica. Jessica misses you. The worm barely misses you.
You closely miss Jessica. Jessica barely misses you.
You closely miss Jessica.
Jessica casts a spell.
Jessica seems to speed up.
The worm bites you.
You barely miss Jessica. Jessica hits you with a +0 dagger. x2
The worm bites you.
* * * LOW HITPOINT WARNING * * *
You hit Jessica.
Jessica is heavily wounded.
Jessica casts a spell at you. Pain shoots through your body!
You die...

#.....# * ** #.. ..
.....## #.# .. .##..#
#.#,.#
.#...###########.#..,
.#......#...,..#.#.# ,.#
.....##>#.####.#.#.##..#
*
##..#.......##.#........
#....#.#.#......@....#
##.###.#.####..@######
... #.#.# *###w# ###.
,..#.., *#.w.# #.* #####
#8...8# , , #.......#
#.<.8.>.# , #.......# ,
##8.>.8## ##...##


You could see a worm (poisoned), a dart slug and Jessica (fast).

Vanquished Creatures
  A hound skeleton (D:3)
  4 adders
  An adder zombie (D:3)
  An adder skeleton (D:2)
  An orc (D:2)
  2 endoplasms
  3 giant cockroaches
  A goblin (D:2)
  4 hobgoblins
  4 jackals (D:2)
  5 kobolds
  4 ball pythons
  A ball python zombie (D:3)
  5 bats
  3 frilled lizards (D:2)
  A jackal skeleton (D:3)
  6 rats
47 creatures vanquished.

Vanquished Creatures (others)
  4 toadstools (D:1)
4 creatures vanquished.

Grand Total: 51 creatures vanquished

Notes
Turn   | Place    | Note
-------+----------+-------------------------------------------
     0 | D:1      | Nattfarinn the Deep Dwarf Necromancer began the quest for
                  | the Orb.
     0 | D:1      | Reached XP level 1. HP: 15/15 MP: 3/3
   506 | D:1      | Reached XP level 2. HP: 22/22 MP: 0/5
  1103 | D:2      | Reached skill level 5 in Necromancy
  1148 | D:2      | Reached XP level 3. HP: 19/28 MP: 1/6
  1152 | D:2      | Learned a level 3 spell: Vampiric Draining
  2402 | D:3      | Reached XP level 4. HP: 23/36 MP: 7/7
  2780 | D:3      | Noticed Sigmund
  2817 | D:3      | Noticed Jessica
  2831 | D:3      | Reached skill level 6 in Necromancy
  2836 | D:3      | Killed from afar by Jessica

Illustrated notes

Levels and vault maps discovered:
D:1:      ldierk_walled_garden_2, layout_basic
D:2:      layout_loops_corners, minmay_box_of_dots
D:3:      layout_loops_cross, serial_undead, serial_undead_b, serial_undead_e,
          serial_undead_a, serial_undead_e, grunt_ministairs_7, uniq_sigmund,
          uniq_jessica

Skill      XL: |  1  2  3  4 |
---------------+-------------+-----
Spellcasting   | 2 |  2.6
Necromancy     | 5 6 |  6.0
Dodging        | |  2.1
Stealth        | |  2.4

Action                   |  1- 3 |  4- 6 || total
-------------------------+-------+-------++-------
Melee: Unarmed           |    95 |       ||    95
       Dagger            |    20 |    27 ||    47
 Cast: Pain              |    34 |       ||    34
       Vampiric Draining |    16 |     8 ||    24
 Stab: Sleeping          |     1 |       ||     1
Armor: Robe              |    29 |     4 ||    33
Dodge: Dodged            |   107 |    19 ||   126

Table legend: (Time is in decaauts)
 A = Elapsed time spent in this place.
 B = Non-inter-level travel time spent in this place.
 C = Inter-level travel time spent in this place.
 D = Time resting spent in this place.
 E = Time spent auto-exploring this place.
 F = Levels seen in this place.
 G = Mean time per level.
                   A        B        C        D        E       F      G
               +--------+--------+--------+--------+--------+-----+--------+
         Total |   2835 |   2792 |     43 |      0 |   2345 |   3 |  945.0 |
       Dungeon |   2835 |   2792 |     43 |      0 |   2345 |   3 |  945.0 |
               +--------+--------+--------+--------+--------+-----+--------+

Top non-repeatable levels by time:
     D:2: 1524 daAuts
     D:1: 850 daAuts
     D:3: 461 daAuts
